 Dungeon Crawl Stone Soup version 0.23.2-1-ga50397a (webtiles) character file.

Game seed: 19284833895384114

300 MalarOregon the Ruffian (level 6, 0/52 HPs)
             Began as a Ghoul Gladiator on May 28, 2019.
             Killed by divine providence
             ... invoked by an orc priest
              (15 damage)
             ... on level 4 of the Dungeon.
             The game lasted 00:03:41 (2699 turns).

MalarOregon the Ruffian (Ghoul Gladiator)           Turns: 2699, Time: 00:03:42

Health: 0/52       AC:  9    Str: 18    XL:     6   Next: 36%
Magic:  5/5        EV: 16    Int:  5    God:
Gold:   82         SH:  0    Dex: 10    Spells: 5/5 levels left

rFire    + . .     SeeInvis .     - Unarmed
rCold    + . .     Gourm    .   (no shield)
rNeg     + + +     Faith    .   v - +2 leather armour {rC+}
rPois    ∞         Spirit   .   b - +0 helmet
rElec    .         Reflect  .   (no cloak)
rCorr    .         Harm     .   (no gloves)
MR       .....                  p - +2 pair of boots
Stlth    +.........             t - amulet of magic regeneration
HPRegen  0.00/turn              s - +3 ring of evasion
MPRegen  0.34/turn              m - ring of fire (curse)

@: rotting
A: rotting body, claws 1, carnivore, cold resistance 1, negative energy
resistance 3, inhibited regeneration, torment resistance, unbreathing
a: no special abilities


You were on level 4 of the Dungeon.
You were not hungry.

You visited 1 branch of the dungeon, and saw 4 of its levels.

You collected 82 gold pieces.

Inventory:

Missiles
 c - 3 throwing nets (quivered) {!f}
Armour
 b - a +0 helmet (worn)
 p - a +2 pair of boots (worn)
   (You found it on level 2 of the Dungeon)
 v - a +2 leather armour of cold resistance (worn)
   (You took it off Eustachio on level 3 of the Dungeon)
Jewellery
 m - a cursed ring of fire (right claw)
   (You found it on level 3 of the Dungeon)
 s - a +3 ring of evasion (left claw)
   (You found it on level 3 of the Dungeon)
 t - an amulet of magic regeneration (around neck)
   (You found it on level 3 of the Dungeon)
Scrolls
 h - a scroll of teleportation {@r4}
 n - a scroll of fog
 o - a scroll of fear
Potions
 d - 2 potions of degeneration {unknown}
 f - 2 potions of agility {unknown}
 g - a potion of curing {unknown}
 i - 3 potions of brilliance {unknown}
 j - 2 potions of heal wounds {unknown}
 k - a potion of berserk rage {unknown}
 r - a potion of haste {unknown}
Comestibles
 e - a ration {!d}
 q - 7 chunks of flesh


   Skills:
 + Level 4.0 Fighting
 - Level 1.7 Throwing
 + Level 3.8 Dodging
 * Level 5.9 Unarmed Combat


You had 5 spell levels left.
You didn't know any spells.
Your spell library was empty.

Dungeon Overview and Level Annotations

Branches:
Dungeon (4/15)
 Temple: D:4-7

Altars:
Dithmenos
Nemelex Xobeh
The Shining One


Innate Abilities, Weirdness & Mutations

Your body is rotting away.
You thrive on raw meat.
You are immune to poison.
You have sharp fingernails.
You are carnivorous and can eat meat at any time.
Your flesh is cold resistant. (rC+)
You are immune to negative energy. (rN+++)
You do not regenerate when monsters are visible.
You are immune to unholy pain and torment.
You can survive without breathing.


Message History

Found a falchion.
The orc shouts!
You hear a shout!
An orc priest comes into view. It is wielding a +0 mace.
The orc priest casts a cantrip, but nothing happens.
You scratch the howler monkey. The howler monkey barely misses you.
The howler monkey closely misses you.
You barely miss the howler monkey.
The howler monkey hoots and howls with incredible vigour!
You hear a shout! x3; You hear an angry hiss.
You hear a shout!
You closely miss the howler monkey.
An orc priest comes into view. It is wielding a +0 dagger.
The howler monkey hits you but does no damage.
The orc priest looks braver for a moment.
You barely miss the howler monkey.
An orc comes into view.
The howler monkey completely misses you.
You scratch the howler monkey but do no damage.
The howler monkey hits you. The orc completely misses you.
You barely miss the howler monkey.
An orc priest comes into view. It is wielding a +0 short sword.
The howler monkey hoots and howls with incredible vigour!
You hear a shout!
A frilled lizard comes into view.
The orc priest calls down the wrath of Beogh upon you.
Beogh smites you!
* * * LOW HITPOINT WARNING * * *
The orc misses you.
The orc priest looks encouraged for a moment.
The frilled lizard hisses angrily.
The orc priest casts a cantrip, but nothing happens.
The howler monkey barely misses you. The orc hits you but does no damage.
The howler monkey hoots and howls with incredible vigour!
You hear an angry hiss.
The orc priest looks encouraged for a moment.
The orc priest calls down the wrath of Beogh upon you.
Beogh smites you!
* * * LOW HITPOINT WARNING * * *
The orc priest begins to cast a cantrip, but forgets the words!
The orc priest looks encouraged for a moment.
The frilled lizard hisses.
The orc priest begins to cast a cantrip, but forgets the words!
The howler monkey hoots and howls with incredible vigour!
You hear an angry hiss.
The orc priest begins to cast a cantrip, but forgets the words!
Some of the chunks of flesh in your inventory have rotted away.
Unknown command.
You see here 11 stones.
The orc priest calls down the wrath of Beogh upon you.
Beogh smites you!
You die...

.########## #.......
##.....#.....###.......
##.............#........
#.......................
#.......................
#.>..............)......
#.......................
#...(.......o...#.......
#..)...@h(o.l...........
##.?....()o..o..........
....?.......o...........
#.#8###8###.###8###8#...
. # ### ### ### ####..
##


You could see a howler monkey, 3 orc priests, 2 orcs and a frilled lizard.

Vanquished Creatures
  Eustachio (D:3)
  An orc priest (D:4)
  4 adders
  An ooze (D:2)
  4 worms
  A dart slug (D:1)
  5 leopard geckos
  10 orcs
  3 ball pythons
  3 giant cockroaches
  6 goblins
  10 hobgoblins
  3 jackals (D:1)
  A quokka (D:2)
  5 bats
  2 frilled lizards
  9 kobolds
  3 rats
72 creatures vanquished.

Vanquished Creatures (others)
  3 plants (D:2)
3 creatures vanquished.

Grand Total: 75 creatures vanquished

Notes
Turn   | Place    | Note
-------+----------+-------------------------------------------
     0 | D:1      | MalarOregon the Ghoul Gladiator began the quest for the
                  | Orb.
     0 | D:1      | Reached XP level 1. HP: 17/17 MP: 0/0
    84 | D:1      | Reached XP level 2. HP: 25/25 MP: 1/1
   462 | D:1      | Reached XP level 3. HP: 22/30 MP: 2/2
   470 | D:1      | Reached skill level 4 in Unarmed Combat
   993 | D:2      | Reached XP level 4. HP: 22/38 MP: 3/3
  1525 | D:2      | Found a sparkling altar of Nemelex Xobeh.
  1627 | D:2      | Found a shadowy altar of Dithmenos.
  1983 | D:3      | Found a glowing golden altar of the Shining One.
  2004 | D:3      | Reached XP level 5. HP: 44/45 MP: 4/4
  2042 | D:3      | Reached skill level 5 in Unarmed Combat
  2347 | D:4      | Noticed Eustachio
  2377 | D:3      | Killed Eustachio
  2377 | D:3      | Reached XP level 6. HP: 33/52 MP: 5/5
  2699 | D:4      | Killed from afar by an orc priest

Skill      XL: |  1  2  3  4  5  6 |
---------------+-------------------+-----
Dodging        | 3 |  3.8
Unarmed Combat | 4 5 |  5.9
Fighting       | 3 4 |  4.0
Throwing       | |  1.7

Action                   |  1- 3 |  4- 6 || total
-------------------------+-------+-------++-------
Melee: Unarmed           |   131 |   156 ||   287
       Punch             |     3 |       ||     3
  Use: Scroll            |       |     5 ||     5
  Eat: Chunk             |     4 |     6 ||    10
Armor: Leather armour    |    31 |    26 ||    57
Dodge: Dodged            |    68 |    80 ||   148
